 Dungeon Crawl Stone Soup version 0.31-b1-22-gc680215f68 (webtiles) character file.

Game seed: 12004209805720336484

383 James the Caller (level 6, -6/44 HPs)
             Began as a Merfolk Summoner on Jan 18, 2024.
             Mangled by a black bear (8 damage)
             ... on level 5 of the Dungeon.
             The game lasted 00:11:49 (4701 turns).

James the Caller (Merfolk Summoner)                 Turns: 4701, Time: 00:11:49

Health: -6/44      AC:  6    Str:  8    XL:     6   Next: 76%
Magic:  4/11       EV: 13    Int: 16    God:
Gold:   172        SH:  0    Dex: 15    Spells: 6/12 levels left

rFire   . . .        k - +0 dagger
rCold   . . .        (no shield)
rNeg    . . .        a - +0 robe
rPois   .            n - +0 helmet
rElec   .            (no cloak)
rCorr   .            u - +0 pair of gloves
SInv    +            y - +1 pair of boots
Will    .....        (no amulet)
Stlth   ++           z - ring of see invisible
HPRegen 0.27/turn    (no ring)
MPRegen 0.12/turn

%: no passive effects
@: unable to call your familiar
A: (nimble swimmer 2), mertail
a: no special abilities


You were on level 5 of the Dungeon.
You visited 1 branch of the dungeon, and saw 5 of its levels.
You also visited: Ossuary.

You collected 172 gold pieces.

Inventory:

Hand Weapons
 c - a +0 hand axe
   (You found it on level 1 of the Dungeon)
 k - a +0 dagger (weapon)
   (You took it off a goblin on level 1 of the Dungeon)
 G - a +0 falchion
   (You took it off an orc on level 5 of the Dungeon)
 M - a +0 longbow
   (You found it in an ossuary)
 N - a +0 war axe
   (You found it in an ossuary)
 Q - a +0 trident
   (You found it on level 5 of the Dungeon)
Missiles
 i - 35 stones
 I - 3 poisoned darts
Armour
 a - a +0 robe (worn)
 g - a +0 ring mail
   (You found it on level 1 of the Dungeon)
 l - a +0 plate armour
   (You found it on level 1 of the Dungeon)
 n - a +0 helmet (worn)
   (You found it on level 1 of the Dungeon)
 o - a +0 plate armour
   (You found it on level 1 of the Dungeon)
 q - a +0 robe
   (You found it on level 2 of the Dungeon)
 u - a +0 pair of gloves (worn)
   (You found it on level 2 of the Dungeon)
 w - a +0 chain mail
   (You took it off Terence on level 2 of the Dungeon)
 y - a +1 pair of boots (worn)
   (You found it on level 3 of the Dungeon)
 A - a +0 robe
   (You found it on level 3 of the Dungeon)
 D - a +0 robe
   (You took it off an orc wizard on level 5 of the Dungeon)
 E - a +0 leather armour
   (You took it off an orc on level 5 of the Dungeon)
 F - a +0 leather armour
   (You took it off an orc on level 5 of the Dungeon)
 H - a +0 leather armour
   (You found it in an ossuary)
 P - a +0 robe
   (You found it on level 5 of the Dungeon)
Jewellery
 z - a ring of see invisible (left hand)
   (You found it on level 1 of the Dungeon)
Wands
 t - a wand of flame (19)
   (You found it on level 5 of the Dungeon)
Scrolls
 e - a scroll of fear {unknown}
 h - 6 scrolls of identify {unknown}
 r - a scroll of silence {unknown}
 s - a scroll of immolation {unknown}
 v - 2 scrolls of blinking {unknown}
 C - a scroll of teleportation {unknown}
 K - 3 scrolls of fog {unknown}
 L - a scroll of poison {unknown}
Potions
 b - a potion of magic
 d - a potion of mutation {unknown}
 f - 3 potions of brilliance {unknown}
 j - 3 potions of ambrosia {unknown}
 m - a potion of haste {unknown}
 p - 2 potions of invisibility {unknown}
 x - a potion of enlightenment {unknown}
 B - 2 potions of curing {unknown}
 J - 2 potions of might {unknown}
 O - a potion of degeneration {unknown}


   Skills:
 - Level 2.0 Fighting
 - Level 4.0 Dodging
 - Level 2.1 Stealth
 + Level 3.6 Spellcasting
 * Level 6.3 Summonings


You had 6 spell levels left.
You knew the following spells:

 Your Spells              Type           Power      Damage    Failure   Level
a - Summon Small Mammal   Summ           92%        N/A       1%          1
c - Call Canine Familiar  Summ           23%        N/A       4%          3
x - Call Imp              Summ           46%        N/A       1%          2

Your spell library contained the following spells:

 Spells                   Type           Power      Damage    Failure   Level
 Lesser Beckoning         Tloc           4%         N/A       26%         2
 Summon Blazeheart Golem  Fire/Summ      13%        N/A       43%         4
 Summon Lightning Spire   Summ/Air       13%        N/A       43%         4
 Gell's Gravitas          Tloc           2%         N/A       45%         3
 Teleport Other           Tloc           2%         N/A       45%         3
 Orb of Destruction       Conj           1%         9d5       100%        7
 Spellforged Servitor     Conj/Summ      6%         N/A       100%        7


Dungeon Overview and Level Annotations

Branches:
Dungeon (6/15)            Ossuary (visited)
 Temple: D:4-7

Altars:
Makhleb

Annotations:
D:5 1 runed translucent door, bimbombam's ghost, novice OpSh


Innate Abilities, Weirdness & Mutations

((You are very nimble when in or above water. (Stealth+, EV+, Speed+++)))
Your lower body shifts to a powerful aquatic tail in water.


Message History

You hit the black bear. The black bear bites you.
The black bear completely misses you.
The black bear claws you but does no damage.
Your quokka barely misses the hound.
The hound barely misses you.
Your cerulean imp misses the black bear.
The black bear bites you!
* * * LOW HITPOINT WARNING * * *
The black bear closely misses you. x2
You hit the black bear. The hound bites you.
* * * LOW HITPOINT WARNING * * *
Your quokka barely misses the hound.
The black bear barely misses you.
The black bear claws you but does no damage.
The black bear barely misses you.
Your cerulean imp closely misses the black bear.
The hound bites you.
* * * LOW HITPOINT WARNING * * *
Your quokka misses the hound.
The black bear barely misses your quokka.
The black bear claws your quokka.
The black bear closely misses your quokka.
The hound bites your quokka.
Your cerulean imp hits the black bear with a -2 spear.
The black bear bites your cerulean imp!
The black bear barely misses your cerulean imp.
The black bear misses your cerulean imp.
Your quokka closely misses the hound.
The hound misses your quokka. The black bear bites your cerulean imp!
Your cerulean imp dies!
Your cerulean imp disappears in a puff of smoke!
Your quokka bites the hound.
The hound bites your quokka.
You swap places.
Your quokka bites the black bear but does no damage. x2
The black bear bites your quokka!
Your quokka dies!
Your quokka's corpse disappears in a puff of smoke!
The black bear growls angrily.
A tiny devil pulls itself out of the air.
Your quokka bites the hound.
The hound bites your quokka.
Your quokka dies!
Your quokka's corpse disappears in a puff of smoke!
The hound barks!
You swap places.
The black bear attacks as it pursues you!
The black bear bites you.
* * * LOW HITPOINT WARNING * * *
The black bear claws you.
* * * LOW HITPOINT WARNING * * *
The black bear barely misses you. The hound barely misses you.
The black bear bites you!
You die...

.# .# .# ### ### ..##
#########.## ...##
#.....#....#
....###$~~~~+....####
......#....W#..5§...#
......########.h@§..##
.....#..#....#.h.....#
.....................#
......#........##.####
.....###........#..###
#.....#..............#
#....................#
...........#...........
.......#.###......#....#


You could see a black bear (berserk, ally target), a hound, bimbombam's ghost
and a friendly cerulean imp (summoned).

Vanquished Creatures
  An elf zombie (Ossuary)
  Natasha (D:2)
  A mummy (Ossuary)
  2 adders
  An adder zombie (Ossuary)
  A ribbon worm (D:2)
  4 ball pythons
  4 bats
  3 endoplasms (D:2)
  A giant cockroach (D:3)
  A hobgoblin (D:3)
  A quokka (D:1)
  A frilled lizard (D:1)
  A gnoll zombie (Ossuary)
  A goblin zombie (Ossuary)
  A kobold zombie (Ossuary)
  2 rats
27 creatures vanquished.

Vanquished Creatures (collateral kills)
  A human zombie (Ossuary)
  Natasha (twice) (D:2)
  Terence (D:2)
  An orc wizard (D:5)
  3 mummies (Ossuary)
  2 adders
  A gnoll (D:1)
  2 adder zombies (Ossuary)
  A ribbon worm (D:2)
  2 orcs (D:5)
  2 ball pythons
  2 endoplasms
  A gnoll zombie (Ossuary)
  2 goblins (D:1)
  2 hobgoblins (D:2)
  A quokka (D:1)
  A hobgoblin zombie (Ossuary)
  A jackal zombie (Ossuary)
  A kobold (D:2)
  An orc zombie (Ossuary)
  A rat (D:2)
31 creatures vanquished.

Grand Total: 58 creatures vanquished

Notes
Turn   | Place    | Note
-------+----------+-------------------------------------------
     0 | D:1      | James the Merfolk Summoner began the quest for the Orb.
     0 | D:1      | Reached XP level 1. HP: 13/13 MP: 3/3
   425 | D:1      | Reached XP level 2. HP: 16/20 MP: 3/5
   428 | D:1      | Learned a level 2 spell: Call Imp
   869 | D:1      | Reached skill level 1 in Fighting
  1091 | D:1      | Reached XP level 3. HP: 26/26 MP: 6/6
  1305 | D:2      | Found a burning altar of Makhleb.
  1566 | D:2      | Noticed Natasha
  1904 | D:2      | Reached XP level 4. HP: 32/32 MP: 5/7
  1908 | D:2      | Learned a level 3 spell: Call Canine Familiar
  2024 | D:2      | Killed Natasha
  2102 | D:2      | Noticed Terence
  2164 | D:2      | Killed Terence
  2723 | D:2      | Found a burning altar of Makhleb.
  2849 | D:2      | Noticed Natasha
  2857 | D:2      | Killed Natasha
  2858 | D:2      | Reached skill level 5 in Summonings
  2858 | D:2      | Reached XP level 5. HP: 22/38 MP: 4/9
  3038 | D:2      | Noticed Natasha
  3083 | D:2      | Killed Natasha
  3233 | D:2      | Found a burning altar of Makhleb.
  3978 | D:3      | You fall into a shaft and drop 3 floors!
  4015 | D:5      | Entered Level 5 of the Dungeon
  4079 | D:5      | Found a sand-covered staircase.
  4109 | Ossuary  | Entered an ossuary
  4169 | Ossuary  | Reached XP level 6. HP: 37/44 MP: 7/11
  4272 | Ossuary  | Reached skill level 6 in Summonings
  4664 | D:5      | Found a runed translucent door.
  4666 | D:5      | Noticed bimbombam's ghost (novice OpSh)
  4673 | D:5      | Noticed a black bear
  4701 | D:5      | HP: 2/44 [black bear (5)]
  4701 | D:5      | Mangled by a black bear

Illustrated notes

Levels and vault maps discovered:
D:1:      tarquinn_simple_flora_water_c, layout_basic
D:2:      kennysheep_big_flooded_room, layout_loops_ring, basic_altar,
          minmay_misc_feat_tiny, uniq_terence, uniq_natasha
D:3:      layout_loops_corners
D:5:      layout_cave_pools, temple_green, chequers_ossuary_entry_cave,
          ebering_ghost_reflecting_pool, kennysheep_cross_bottleneck, uniq_ijyb,
          uniq_duvessa, uniq_blork_the_orc
D:6:      layout_gridville, kennysheep_mini, palyth_stone_intersect,
          serial_bayou_lake_a

Skill      XL: |  1  2  3  4  5  6 |
---------------+-------------------+-----
Dodging        | 3 4 |  4.0
Fighting       | 1 2 |  2.0
Summonings     | 5 6 |  6.3
Spellcasting   | 3 |  3.6
Stealth        | |  2.1

Action                     |  1- 3 |  4- 6 || total
---------------------------+-------+-------++-------
  Melee: Hand axe          |    10 |       ||    10
         Dagger            |    77 |   165 ||   242
         Punch             |       |     5 ||     5
   Cast: Summon Small Mamm |    18 |    14 ||    32
         Call Imp          |     9 |    18 ||    27
         Call Canine Famil |       |     9 ||     9
   Stab: Sleeping          |     4 |       ||     4
         Distracted        |       |     3 ||     3
 Armour: Robe              |    43 |   103 ||   146
  Dodge: Dodged            |    80 |   118 ||   198
